 Dungeon Crawl Stone Soup version 0.22-a0-300-g82e80c5 (webtiles) character file.

7 Firecrotchwizard the Insei (level 1, -1/15 HPs)
             Began as a Demonspawn Transmuter on Mar 26, 2018.
             Slain by a gnoll
             ... wielding a +0 spear
              (9 damage)
             ... on level 1 of the Dungeon.
             The game lasted 00:00:28 (187 turns).

Firecrotchwizard the Insei (Demonspawn Transmuter)   Turns: 187, Time: 00:00:29

Health: -1/15      AC:  2    Str: 10    XL:     1   Next: 83%
Magic:  3/3        EV: 12    Int: 14    God:
Gold:   13         SH:  0    Dex: 13    Spells: 3/4 levels left

rFire    . . .     SeeInvis .     - Unarmed
rCold    . . .     Gourm    .   (no shield)
rNeg     . . .     Faith    .   b - +0 robe
rPois    .         Spirit   .   (no helmet)
rElec    .         Reflect  .   (no cloak)
rCorr    .         Harm     .   (no gloves)
MR       .....                  (no boots)
Stlth    +.........             (no amulet)
HPRegen  0.05/turn              (no ring)
MPRegen  0.08/turn              (no ring)

@: appendage (expiring)
A: horns 2
a: End Transformation


You were on level 1 of the Dungeon.
You were not hungry.
You had grown temporary horns.
You visited 1 branch of the dungeon, and saw 1 of its levels.

You collected 13 gold pieces.

Inventory:

Missiles
 a - 12 arrows
Armour
 b - a +0 robe (worn)
Scrolls
 c - a scroll of immolation {unknown}
Comestibles
 d - a ration {@e1}
 f - 4 chunks of flesh {@w0}


   Skills:
 + Level 1.2 Fighting
 - Level 1.7 Dodging
 * Level 2.9 Unarmed Combat
 - Level 2.0 Spellcasting
 * Level 2.0 Transmutations


You had 3 spell levels left.
You knew the following spells:

 Your Spells              Type           Power        Failure   Level  Hunger
a - Beastly Appendage     Tmut           #.....       11%         1    ##.....


Dungeon Overview and Level Annotations

Branches:
Dungeon (1/15)

Altars:


Innate Abilities, Weirdness & Mutations

You have a pair of horns on your head.


Message History

Welcome, Firecrotchwizard the Demonspawn Transmuter.
It is said that the Orb of Zot exists deep within this dungeon.
Found a scroll labeled DUNTOI WYMAYHAWA.
Found a staircase leading out of the dungeon.
c - a scroll labeled DUNTOI WYMAYHAWA You open the gate.
There is an open gate here.
A goblin comes into view. It is wielding a dagger.
A giant cockroach comes into view.
Found an escape hatch in the floor.
You grow a pair of large bovine horns.
The goblin shouts!
The giant cockroach barely misses you.
You now have 2/3 mp.
You hit the giant cockroach. The giant cockroach closely misses you.
You hit the giant cockroach.
You kill the giant cockroach!
A hobgoblin comes into view.
You barely miss the goblin.
You kill the goblin!
Your transformation is almost over.
Things that are here:
a dagger; a goblin corpse You hit the hobgoblin.
Your headbutt misses the hobgoblin. The hobgoblin hits you.
You take 1 damage, and have 14/15 hp.
You hit the hobgoblin.
You kill the hobgoblin!
You see here a giant cockroach corpse.
You butcher the giant cockroach corpse.
f - 2 chunks of flesh {@w0}
Things that are here:
a dagger; a goblin corpse; Health restored: 15; MP restored: 3 You butcher the goblin corpse.
Your horns disappear.
f - 4 chunks of flesh {@w0} (gained 2)
You see here a dagger.
You start waiting.
Done waiting.
You open the door.
There is an open door here.
You open the door.
There is an open door here.
A dart slug comes into view.
You see here 13 gold pieces.
You now have 13 gold pieces.
You grow a pair of large bovine horns.
You now have 2/3 mp.
The dart slug launches a dart at you. The slug dart misses you.
You hit the dart slug but do no damage. You hit the dart slug.
You headbutt the dart slug.
The dart slug bites you but does no damage.
You hit the dart slug.
You kill the dart slug!
Your Transmutations skill increases to level 2!
A gnoll comes into view. It is wielding a spear.
You see here a dart slug corpse.
You butcher the dart slug corpse.
The gnoll shouts!
You see here a chunk of flesh {@w0}.
The gnoll hits you with a spear!
A bat comes into view.
You take 7 damage, and have 8/15 hp.
MASSIVE DAMAGE!!
You barely miss the gnoll.
Your transformation is almost over.
The gnoll closely misses you.
You hit the gnoll but do no damage. The gnoll barely misses you.
You closely miss the gnoll. You headbutt the gnoll.
The bat hits you but does no damage. The gnoll misses you.
You barely miss the gnoll. The bat hits you but does no damage.
The gnoll barely misses you.
You hit the gnoll. The bat hits you but does no damage.
The bat barely misses you. The gnoll hits you with a spear!
Ouch! That really hurt!
You die...

... ##............#
....#.............#
....#.............#
..................#
...........#......#
...........#......#
#..........##.#####
......#.%......#
......#@##.....#
......gb##.....#
...............#
................
..........###...
.##........ .
#.........
#####$.....


You could see a gnoll and a bat.

Vanquished Creatures
  A dart slug (D:1)
  A giant cockroach (D:1)
  A goblin (D:1)
  A hobgoblin (D:1)
4 creatures vanquished.

Notes
Turn   | Place    | Note
-------+----------+-------------------------------------------
     0 | D:1      | Firecrotchwizard the Demonspawn Transmuter began the quest for the Orb.
     0 | D:1      | Reached XP level 1. HP: 15/15 MP: 3/3
   179 | D:1      | Reached skill level 2 in Transmutations
   187 | D:1      | Slain by a gnoll

Vault maps used:
D:1:      lemuel_arrival_funnel, minmay_misc_feat_columns,
          minmay_strange_pillars

Skill      XL: |  1 |
---------------+----+-----
Transmutations | 2 |  2.0
Fighting       | |  1.2
Dodging        | |  1.7
Unarmed Combat | |  2.9
Spellcasting   | |  2.0

Action                   || total
-------------------------++-------
Melee: Unarmed           ||    13
       Headbutt          ||     4
 Cast: Beastly Appendage ||     2
Armor: Robe              ||     4
Dodge: Dodged            ||     8

Table legend:
 A = Spawn XP
 B = Non-spawn XP
 C = Spawn XP percentage of total XP
 D = Spawn monster count
 E = Non-spawn monster count
 F = Spawn count percentage of total count
 G = Total turns spent on level
                    A         B        C        D         E        F      G
               +---------+---------+-------+---------+---------+-------+---------
         Total |       0 |      10 |   0.0 |       0 |       4 |   0.0 |   187
               +---------+---------+-------+---------+---------+-------+---------
           D:1 |       0 |      10 |   0.0 |       0 |       4 |   0.0 |   187
               +---------+---------+-------+---------+---------+-------+---------

Vault maps used:
D:1:      lemuel_arrival_funnel, minmay_misc_feat_columns,
          minmay_strange_pillars

Table legend:
 A = Turns spent in this place as a percentage of turns spent in the entire game.
 B = Non-inter-level travel turns spent in this place as a percentage of non-inter-level travel turns spent in the entire game.
 C = Inter-level travel turns spent in this place as a percentage of turns spent in this place.
 D = Turns resting spent in this place as a percentage of non-inter-level travel turns spent in this place.
 E = Turns spent auto-exploring this place as a percentage of non-inter-level travel turns spent in this place.
 F = Non-inter-level travel turns spent in this place divided by the number of levels of this place that you've seen.
                   A       B       C       D       E      F
               +-------+-------+-------+-------+-------+----------------------
         Total | 100.0 | 100.0 |   0.0 |  53.5 |  27.3 | 187.0
       Dungeon | 100.0 | 100.0 |   0.0 |  53.5 |  27.3 | 187.0
               +-------+-------+-------+-------+-------+----------------------

Table legend:
 A = Kills in this place as a percentage of kills in entire the game.
 B = Kills by you in this place as a percentage of kills by you in the entire game.
 C = Kills by friends in this place as a percentage of kills by friends in the entire game.
 D = Other kills in this place as a percentage of other kills in the entire game.
 E = Experience gained in this place as a percentage of experience gained in the entire game.
 F = Experience gained in this place divided by the number of levels of this place that you have seen.
                   A       B       C       D       E      F
               +-------+-------+-------+-------+-------+----------------------
         Total | 100.0 | 100.0 |   N/A |   N/A | 100.0 |  10.0
       Dungeon | 100.0 | 100.0 |   N/A |   N/A | 100.0 |  10.0
               +-------+-------+-------+-------+-------+----------------------
